 Dungeon Crawl Stone Soup version 0.20-a0-9-g62d82d9 (webtiles) character file.

306 dobroeutro the Covert (level 6, -1/41 HPs)
             Began as an Octopode Assassin on Nov 1, 2016.
             Slain by Edmund
             ... wielding a +1 antimagic dire flail
              (12 damage)
             ... on level 3 of the Dungeon.
             The game lasted 00:05:24 (2778 turns).

dobroeutro the Covert (Octopode Assassin)           Turns: 2778, Time: 00:05:25

Health: -1/41      AC:  1    Str: 11    XL:     6   Next: 39%
Magic:  2/6        EV: 19    Int: 18    God:
Gold:   143        SH:  0    Dex: 20    Spells: 0 memorised, 5 levels left

rFire  . . .     SeeInvis .     a - +2 dagger
rCold  . . .     Gourm    .     (no shield)
rNeg   . . .     Faith    .     (helmet restricted)
rPois  .         Spirit   .     (no amulet)
rElec  .         Reflect  .     (no ring)
rCorr  .         Harm     .     (no ring)
MR     .....                    (no ring)
Stlth  ++++++....               (no ring)
                                (no ring)
                                (no ring)
                                (no ring)
                                (no ring)

@: brilliant, agile, starving
A: almost no armour, stealthy swim, amphibious, 8 rings, constrict 8, camouflage
1, gelatinous body 1
a: no special abilities


You were on level 3 of the Dungeon.
You were starving.

You visited 1 branch of the dungeon, and saw 4 of its levels.

You collected 143 gold pieces.

Inventory:

Hand Weapons
 a - a +2 dagger (weapon)
 b - a +0 blowgun
 k - a +0 short sword
Missiles
 c - 8 poisoned needles
 d - 2 curare-tipped needles
Scrolls
 g - 2 scrolls of fear {unknown}
 h - 3 scrolls of enchant weapon {unknown}
 l - a scroll of magic mapping {unknown}
 m - 4 scrolls of identify {unknown}
 p - 4 scrolls of remove curse {unknown}
Potions
 e - 2 potions of curing
 i - a potion of magic
 o - a potion of lignification
 r - a potion of flight {unknown}
Comestibles
 f - 5 bread rations
 j - a meat ration


   Skills:
 + Level 2.6 Fighting
 + Level 3.1 Short Blades
 - Level 2.0 Throwing
 + Level 1.8 Dodging
 + Level 9.1 Stealth


You had 5 spell levels left.
You didn't know any spells.

Dungeon Overview and Level Annotations

Branches:
Dungeon (4/15)             Temple (0/1) D:4

Altars:

Annotations:
D:3 Edmund


Innate Abilities, Weirdness & Mutations

You cannot wear most types of armour.
You are very stealthy in the water. (Stealth+)
You are amphibious.
You can wear up to eight rings at the same time.
You can use your tentacles to constrict eight enemies at once.
Your skin changes colour to match your surroundings (Stealth+).
Your rubbery body absorbs attacks. (AC +1, EV +1)


Message History

You hit Edmund but do no damage.
Edmund is moderately wounded.
You constrict Edmund, but do no damage. Edmund barely misses you.
You hit Edmund but do no damage.
Edmund is moderately wounded.
You constrict Edmund. Edmund closely misses you.
You hit Edmund but do no damage. You squeeze Edmund.
Edmund is heavily wounded.
You constrict Edmund, but do no damage. You hit Edmund but do no damage.
You squeeze Edmund.
Edmund is heavily wounded.
You constrict Edmund.
Edmund hits you with an antimagic dire flail.
* * * LOW HITPOINT WARNING * * *
You feel your power leaking away.
You hit Edmund but do no damage.
Edmund is heavily wounded.
You constrict Edmund.
Edmund hits you with an antimagic dire flail!
You die...

#### #≈≈≈≈≈≈≈≈# #.#
#.#
#≈......≈########.#
#.#
#≈..♣♣♣.≈##.......#
#.#
#≈.♣(.♣.≈##.#######
#.# #≈.♣..♣.≈##.#
#.# #≈.♣♣♣..≈##.#
#.# # #≈......≈##.#
#.# # #≈≈≈..≈≈≈##.#
#.# # ####''#####@#
#.# # #.....# #@#
#.# #
#####.######.# #.#
# #............#
#.# #
#.###.#####..# #.#
# #.# #.....<..#
#<# # #.#
#..####.## #.#
#####.###..# #.#
#.# ...........#
#.# ##########.#


You could see Edmund.

Vanquished Creatures
  An ice beast (D:3)
  2 scorpions (D:4)
  A hound (D:4)
  2 adders
  2 oozes (D:1)
  2 worms
  3 dart slugs
  A leopard gecko (D:2)
  An orc (D:4)
  2 giant cockroaches
  5 goblins
  6 hobgoblins
  2 jackals (D:3)
  A quokka (D:4)
  2 ball pythons
  7 bats
  2 frilled lizards (D:2)
  5 kobolds
  6 rats
53 creatures vanquished.

Notes
Turn   | Place    | Note
-------+----------+-------------------------------------------
     0 | D:1      | dobroeutro the Octopode Assassin began the quest for the Orb.
     0 | D:1      | Reached XP level 1. HP: 14/14 MP: 1/1
    69 | D:1      | Reached XP level 2. HP: 19/19 MP: 2/2
   103 | D:1      | Reached skill level 6 in Stealth
   471 | D:1      | Reached XP level 3. HP: 24/24 MP: 3/3
  1258 | D:2      | Reached skill level 7 in Stealth
  1391 | D:2      | Reached XP level 4. HP: 29/29 MP: 4/4
  1493 | D:3      | Noticed an ice beast
  1497 | D:3      | Killed an ice beast
  1497 | D:3      | Reached skill level 8 in Stealth
  1497 | D:3      | Reached XP level 5. HP: 34/34 MP: 5/5
  2249 | D:4      | Found a staircase to the Ecumenical Temple.
  2249 | D:4      | Noticed an ogre
  2617 | D:4      | Reached XP level 6. HP: 41/41 MP: 6/6
  2683 | D:4      | Reached skill level 9 in Stealth
  2703 | D:4      | Noticed Edmund
  2778 | D:3      | Slain by Edmund

Vault maps used:
D:1:      minmay_arrival_nine_rooms
D:2:      first_bread, minmay_pentomino_z2
D:3:      kennysheep_generic_room_7
D:4:      uniq_edmund

Skill      XL: |  1  2  3  4  5  6 |
---------------+-------------------+-----
Stealth        | 6 7 8 9 |  9.1
Short Blades   | 3 |  3.1
Fighting       | |  2.6
Throwing       | |  2.0
Dodging        | |  1.8

Action                   |  1- 3 |  4- 6 || total
-------------------------+-------+-------++-------
Melee: Dagger            |    56 |    91 ||   147
       Constrict         |    14 |    11 ||    25
       Tentacles         |    12 |    12 ||    24
  Use: Potion            |       |     5 ||     5
 Stab: Sleeping          |    11 |     8 ||    19
  Eat: Chunk             |       |     2 ||     2
       Beef jerky        |       |     1 ||     1
Armor: Skin              |     5 |    25 ||    30
Dodge: Dodged            |    30 |    39 ||    69
